 Dungeon Crawl Stone Soup version 0.31.0-32-g396128a36d (webtiles) character file.

Game seed: 15956721716087063883

305 AdnanSaban the Covered (level 6, -14/38 HPs)
             Began as a Gargoyle Fighter on Apr 11, 2024.
             Demolished by a shadow (16 damage)
             ... on level 5 of the Dungeon.
             The game lasted 00:04:59 (2788 turns).

AdnanSaban the Covered (Gargoyle Fighter)           Turns: 2788, Time: 00:05:00

Health: -14/38     AC: 21    Str: 22    XL:     6   Next: 39%
Magic:  6/6        EV:  6    Int:  8    God:
Gold:   141        SH:  4    Dex:  9    Spells: 5/5 levels left

rFire   . . .        a - +0 flail
rCold   . . .        c - +0 buckler
rNeg    + . .        e - +0 plate armour
rPois   ∞            o - +1 helmet
rElec   +            s - +0 cloak
rCorr   .            (no gloves)
SInv    .            p - +0 pair of boots
Will    .....        (no amulet) Stlth
                     (no ring)
HPRegen 0.26/turn    (no ring)
MPRegen 0.10/turn

%: no passive effects
@: no status effects
A: sickness immunity, AC +4, negative energy resistance 1, electricity
resistance, torment resistance 1, petrification resistance
a: no special abilities


You were on level 5 of the Dungeon.
You visited 1 branch of the dungeon, and saw 5 of its levels.

You collected 141 gold pieces.

Inventory:

Hand Weapons
 a - a +0 flail (weapon)
 v - a +0 morningstar
Missiles
 n - 6 poisoned darts (quivered)
 t - 2 boomerangs
Armour
 c - a +0 buckler (worn)
 e - a +0 plate armour (worn)
 o - a +1 helmet (worn)
 p - a +0 pair of boots (worn)
 s - a +0 cloak (worn)
 y - a +0 tower shield
Jewellery
 f - a +6 ring of intelligence
Wands
 m - a wand of acid (3)
Scrolls
 g - a scroll of teleportation {unknown}
 h - 2 scrolls of enchant armour {unknown}
 j - 4 scrolls of identify {unknown}
 w - a scroll of noise {unknown}
 x - a scroll of amnesia {unknown}
Potions
 b - a potion of haste {unknown}
 d - a potion of might
 i - a potion of ambrosia {unknown}
 k - 3 potions of enlightenment {unknown}
 l - a potion of lignification {unknown}
 q - a potion of degeneration {unknown}
 r - a potion of curing {unknown}
 u - a potion of mutation {unknown}
 z - a potion of heal wounds {unknown}


   Skills:
 + Level 4.2 Fighting
 + Level 4.2 Maces & Flails
 * Level 5.1 Armour
 + Level 0.2 Dodging
 + Level 4.1 Shields


You had 5 spell levels left.
You didn't know any spells.
Your spell library contained the following spells:

 Spells                   Type           Power      Damage    Failure   Level
 Magic Dart               Conj           0%         1d3       100%        1
 Searing Ray              Conj           0%         2d4       100%        2
 Fulminant Prism          Conj/Alch      0%         3d5       100%        4


Dungeon Overview and Level Annotations

Branches:
Dungeon (5/15)
 Temple: D:4-7

Altars:
Ru
Trog
Wu Jian


Innate Abilities, Weirdness & Mutations

You are immune to sickness and miasma.
Your stone body is resilient. (AC +4)
You are immune to poison.
You resist negative energy. (rN+)
You are resistant to electric shocks. (rElec)
You are resistant to unholy torment.
You are immune to petrification.


Message History

The shadow is moderately damaged.
The shadow slips into darkness.
The shadow flickers and vanishes!
Deactivating autopickup; reactivate with Ctrl-A.
You closely miss something.
The shadow strikes at you from the darkness!
Reactivating autopickup.
You barely miss the shadow.
The shadow is moderately damaged.
The shadow hits you.
You closely miss the shadow.
The shadow is moderately damaged.
The shadow hits you.
You closely miss the shadow.
The shadow is moderately damaged.
The shadow barely misses you. The shadow closely misses you.
You hit the shadow but do no damage.
The shadow is moderately damaged.
The shadow hits you.
You closely miss the shadow.
The shadow is moderately damaged.
The shadow hits you.
You hit the shadow.
The shadow is heavily damaged.
The shadow slips into darkness.
The shadow flickers and vanishes!
Deactivating autopickup; reactivate with Ctrl-A.
You sock something!
The shadow strikes at you from the darkness!
Ouch! That really hurt!
* * * LOW HITPOINT WARNING * * *
Reactivating autopickup.
The shadow slips into darkness.
The shadow flickers and vanishes!
Deactivating autopickup; reactivate with Ctrl-A.
Autopickup is now on.
Deactivating autopickup; reactivate with Ctrl-A.
You barely miss something.
The shadow strikes at you from the darkness!
You die...

≈≈≈≈.≈..# .....≈...
...≈.≈.# ## ## ._.≈.≈.#
.####.# ...≈.≈.# #.....#
.....≈.#### ##.....###
≈≈≈≈.≈....###........# .
.......##.#........#....
#..######.......@{......
#.## #......#####$#.#
#.# ##.....# #.# #.....#
#.# #.....# #.# ##....#
#.. #....# ... #....#


There were no monsters in sight!

Vanquished Creatures
  A bullfrog (D:4)
  A jelly (D:4)
  Robin (D:4)
  6 adders
  3 gnolls (D:3)
  3 dart slugs
  9 orcs
  9 bats
  9 endoplasms
  A giant cockroach (D:4)
  9 hobgoblins
  2 jackals (D:4)
  3 kobolds (D:1)
  3 quokkas
  16 ball pythons
  2 frilled lizards (D:1)
  20 goblins
  4 rats
102 creatures vanquished.

Notes
Turn   | Place    | Note
-------+----------+-------------------------------------------
     0 | D:1      | AdnanSaban the Gargoyle Fighter began the quest for the
                  | Orb.
     0 | D:1      | Reached XP level 1. HP: 14/14 MP: 1/1
    81 | D:1      | Reached XP level 2. HP: 19/19 MP: 2/2
   252 | D:1      | Reached XP level 3. HP: 23/23 MP: 3/3
   538 | D:2      | Reached skill level 4 in Armour
   620 | D:2      | Reached XP level 4. HP: 28/28 MP: 4/4
  1096 | D:3      | Reached XP level 5. HP: 33/33 MP: 5/5
  1162 | D:3      | Found an ornate altar of the Wu Jian Council.
  1188 | D:3      | You fall into a shaft and drop 1 floor!
  1604 | D:3      | Found a sacrificial altar of Ru.
  1784 | D:3      | Reached XP level 6. HP: 38/38 MP: 6/6
  2256 | D:4      | Reached skill level 5 in Armour
  2320 | D:4      | Noticed Robin
  2363 | D:4      | Killed Robin
  2686 | D:5      | Entered Level 5 of the Dungeon
  2733 | D:5      | Found a bloodstained altar of Trog.
  2769 | D:5      | Noticed a shadow
  2788 | D:5      | Demolished by a shadow

Illustrated notes

Levels and vault maps discovered:
D:1:      saegor_arrival_simple_e, layout_rooms, st_stairs_8
D:2:      layout_basic, dreamdust_mushroom_princess
D:3:      layout_basic, mainiacjoe_overflow_catwalk, nicolae_ru_path_of_blood,
          grunt_decor_fettered, minmay_liquid_box, nicolae_elevator_lobby_plus
D:4:      layout_cave_pods, uniq_robin
D:5:      layout_cave_pods, grunt_gozag_statues,
          mainiacjoe_overflow_cross_hatched,
          nicolae_uskayaw_murder_on_the_dancefloor,
          minmay_temple_entry_glassed_door, roderic_lattice_a

Skill      XL: |  1  2  3  4  5  6 |
---------------+-------------------+-----
Armour         | 4 5 |  5.1
Maces & Flails | 3 4 |  4.2
Fighting       | 4 |  4.2
Shields        | 4 |  4.1
Dodging        | |  0.2

Action                     |  1- 3 |  4- 6 || total
---------------------------+-------+-------++-------
  Melee: Flail             |    99 |   232 ||   331
 Armour: Scale mail        |    25 |       ||    25
         Plate armour      |    90 |   234 ||   324
  Dodge: Dodged            |    41 |    79 ||   120
  Block: Buckler           |    21 |    48 ||    69
